 Dungeon Crawl Stone Soup version 0.19.0-2-gae57169 (webtiles) character file.

78673 razzle the Stickfighter (level 15, -1/132 HPs)
             Began as a Minotaur Gladiator on Nov 4, 2016.
             Was the Champion of Hepliaklqana.
             Engulfed by a swamp dragon's poison gas (9 damage)
             ... on level 4 of the Swamp.
             The game lasted 01:11:53 (25226 turns).

razzle the Stickfighter (Minotaur Gladiator)       Turns: 25226, Time: 01:11:53

Health: -1/132     AC: 26    Str: 27    XL:     15   Next: 18%
Magic:  0/21       EV:  8    Int: 14    God:    Hepliaklqana [******]
Gold:   1418       SH:  0    Dex: 18    Spells: 0 memorised, 14 levels left

rFire  . . .     SeeInvis .     E - +10 bardiche of Duty {flame, Int+6}
rCold  . . .     Gourm    .     e - +0 crystal plate armour
rNeg   . . .     Faith    .     (shield currently unavailable)
rPois  .         Spirit   +     c - +0 hat
rElec  +         Reflect  .     o - +2 cloak
rCorr  .         Harm     .     (no gloves)
MR     +++..                    (no boots)
Stlth  ..........               V - amulet of guardian spirit
                                t - +2 ring of dexterity
                                K - ring of Ekejitun {*Slow rElec MR++ Int+3 Dex+6}

@: lethally poisoned (-1 -> -18), slowed, drained, very slow
A: retaliatory headbutt, reduced essence, horns 2
a: Recall Ancestor, Ancestor Identity, Transference, Idealise, Renounce Religion


You were on level 4 of the Swamp.
You worshipped Hepliaklqana.
Hepliaklqana was exalted by your worship.
You were full.

You visited 5 branches of the dungeon, and saw 23 of its levels.
You also visited: Labyrinth and Ossuary.

You collected 2270 gold pieces.
You spent 852 gold pieces at shops.

Inventory:

Hand Weapons
 a - a +3 quarterstaff of protection
 E - the +10 bardiche of Duty (weapon) {flame, Int+6}
   (You found it on level 3 of the Lair of Beasts)

   It has been specially enchanted to burn those struck by it, causing extra
   injury to most foes and up to half again as much damage against particularly
   susceptible opponents.
   Big, fiery blades are also staple armaments of hydra-hunters.
   It affects your intelligence (+6).
 Z - a +0 lajatang
Missiles
 d - 4 throwing nets (quivered)
Armour
 c - a +0 hat (worn)
 e - a +0 crystal plate armour (worn)
 o - a +2 cloak (worn)
Jewellery
 b - an uncursed ring of resist corrosion
 l - an uncursed ring of positive energy
 t - a +2 ring of dexterity (right hand)
 K - the ring of Ekejitun (left hand) {*Slow rElec MR++ Int+3 Dex+6}
   (You bought it in a shop on level 2 of the Orcish Mines)

   [ring of dexterity]

   It affects your intelligence (+3).
   It affects your dexterity (+6).
   It insulates you from electricity.
   It affects your resistance to hostile enchantments.
   It may slow you when you take damage.
 N - a +2 ring of evasion
 V - an amulet of guardian spirit (around neck)
Wands
 k - a wand of heal wounds (0/9)
 L - a wand of digging (6/24)
 O - a wand of iceblast (8/15)
 P - a wand of paralysis (9/24)
 R - a wand of iceblast (6/15)
 S - a wand of enslavement (15/24)
 T - a wand of heal wounds (0/9)
 U - a wand of hasting (2/9)
 W - a wand of slowing (37/48)
 X - a wand of flame (24/48)
Scrolls
 g - a scroll of enchant weapon
 h - 3 scrolls of teleportation
 m - 5 scrolls of magic mapping
 r - 8 scrolls of remove curse
 s - 7 scrolls of enchant armour
 v - 7 scrolls of recharging
 w - 2 scrolls of amnesia
 J - 7 scrolls of identify
Potions
 p - 3 potions of resistance
 u - 2 potions of cure mutation
 x - 4 potions of degeneration {unknown}
 z - 2 potions of agility
 A - 7 potions of might
 B - 4 potions of invisibility
 C - a potion of ambrosia
 D - a potion of berserk rage
 F - 4 potions of brilliance
 H - 7 potions of curing
 M - 7 potions of haste
 Q - a potion of beneficial mutation {unknown}
Books
 q - a book of Misfortune

   Spells                             Type                      Level
   a - Confusing Touch                Hexes                        1
   b - Confuse                        Hexes                        3
   c - Gell's Gravitas                Hexes/Translocation          3
   d - Petrify                        Transmutation/Earth          4
   e - Metabolic Englaciation         Hexes/Ice                    5
   f - Yara's Violent Unravelling     Hexes/Transmutation          5
Miscellaneous
 n - a phantom mirror
Comestibles
 f - 17 bread rations
 i - 12 meat rations
 G - 6 beef jerkies
 I - 4 fruits


   Skills:
 - Level 17.2(16.5) Fighting
 + Level 18.4(17.7) Staves
 - Level 2.0(1.5) Throwing
 + Level 15.0(14.4) Armour
 - Level 3.2(2.8) Dodging
 - Level 9.4(8.9) Invocations


You had 14 spell levels left.
You didn't know any spells.

Dungeon Overview and Level Annotations

Branches:
Dungeon (10/15)            Temple (1/1) D:4            Lair (6/6) D:9
  Swamp (4/4) Lair:4        Snake (0/4) Lair:2        Slime (0/5) Lair:6
    Orc (2/2) D:9             Elf (0/3) Orc:2

Altars:
Ashenzari
Cheibriados
Dithmenos
Elyvilon
Fedhas
Gozag
Hepliaklqana
Kikubaaqudgha
Makhleb
Nemelex Xobeh
Okawaru
Qazlal
Ru
Sif Muna
Trog
Uskayaw
Vehumet
Xom
Yredelemnul
Zin
The Shining One
Beogh
Jiyva

Shops:
D:6 ?   D:7 ?   D:9 [   D:10 [!((*   Orc:1 (?   Orc:2 *[:!!

Annotations:
Lair:1 exclusion: oklob plant


Innate Abilities, Weirdness & Mutations

You reflexively headbutt those who attack you in melee.
You have a pair of horns on your head.
Your life essence is reduced. (-10% HP)


Message History

* * * LOW HITPOINT WARNING * * *
You feel better.
The swamp dragon breathes poison at you.
The blast of poison engulfs you!
You are poisoned.
* * * LOW HITPOINT WARNING * * *
Jonturbo gestures at the swamp dragon while chanting.
The swamp dragon easily resists.
You feel better.
You are engulfed in poison gas.
You are poisoned.
* * * LOW HITPOINT WARNING * * *
You feel sick.
Jonturbo hits the swamp dragon with a dagger of draining!
Jonturbo drains the swamp dragon!
Jonturbo gestures at the swamp dragon while chanting.
The swamp dragon easily resists.
You don't have enough magic at the moment.
You are engulfed in poison gas.
You are lethally poisoned!
You die...

≈≈.≈♣♣.≈≈≈≈♣ ≈♣♣
..≈≈(.....≈≈≈≈ ≈≈.≈
..≈≈≈≈≈≈..§§(♣♣..≈≈
..≈≈≈≈≈≈§§§...≈≈≈≈≈
.≈≈≈≈≈≈≈≈§§§..≈≈≈≈≈
≈..§≈≈≈≈≈≈§♣≈≈≈.≈.≈
≈...≈≈≈§≈§§♣≈≈.♣
≈.≈..≈§§§≈§≈≈♣
♣≈≈.≈@§≈..♣♣ ≈≈
♣♣♣♣§§D§R≈.♣ ♣.≈
♣.≈..≈§§≈≈≈♣ ♣♣♣♣♣♣§≈≈
♣♣♣♣...≈≈≈♣♣♣♣..≈.≈%≈≈
♣≈.≈..♣♣ ♣<≈≈..≈≈≈≈
♣.≈≈≈.♣ ♣♣.....≈≈≈≈
♣<.≈≈≈≈.♣♣≈.....≈§≈≈
♣≈≈≈≈≈≈≈.......≈≈§≈§
.≈≈≈≈≈≈§≈.♣♣≈.§≈≈..≈


You could see the friendly Jonturbo the hexer and a swamp dragon.

Vanquished Creatures
  A stone giant (Orc:2)
  5 dire elephants (Lair:6)
  A minotaur (Lab)
  Harold (D:10)
  8 hydras
  2 ghost crabs
  5 alligators
  An anaconda (Lair:6)
  A merfolk avatar (Swamp:1)
  6 death yaks
  A spriggan druid (Swamp:3)
  2 swamp dragons
  Pikel (D:6)
  2 orc knights (Orc:2)
  An orc sorcerer (Orc:2)
  Maurice (D:8)
  18 elephants
  Joseph (D:8)
  A black mamba (Lair:5)
  Psyche (D:8)
  21 spiny frogs
  4 gargoyles (Lab)
  2 torpor snails
  2 rime drakes
  2 komodo dragons
  The ghost of scalarboson the Firebug, a novice GrFE of Vehumet (D:4)
  3 polar bears
  2 tyrant leeches (Swamp:3)
  A two-headed ogre (D:8)
  A hornet (Swamp:3)
  A minotaur zombie (Lab)
  2 hippogriffs
  Grinder (D:6)
  5 bog bodies
  4 slime creatures (Swamp:3)
  A shadow (Swamp:4)
  A wyvern (Lair:3)
  27 yaks
  3 spriggans
  A human (D:8)
  3 hogs (D:8)
  13 vampire mosquitoes
  A warg (Orc:1)
  Menkaure (D:5)
  18 insubstantial wisps
  14 swamp worms
  4 swamp drakes
  13 water moccasins
  3 porcupines (Lair:5)
  3 ice beasts
  30 orc warriors
  2 slaves (D:6)
  2 sky beasts
  5 black bears
  2 wolves (Lair:5)
  2 phantoms
  4 boggarts (Lair:5)
  7 ogres
  11 centaurs (Orc:2)
  12 crocodiles
  Blork the orc (D:6)
  A big kobold (D:9)
  A water moccasin zombie (Ossuary)
  7 bullfrogs
  A gnoll sergeant (D:6)
  3 scorpions
  3 killer bees (D:7)
  A howler monkey (D:4)
  2 crimson imps
  9 orc priests
  A bullfrog skeleton (D:9)
  2 hounds
  A jelly (D:7)
  9 orc wizards
  Ijyb (D:2)
  13 hell rats
  2 iguanas
  7 worker ants
  2 killer bee zombies
  A big kobold zombie (Ossuary)
  2 hound skeletons
  2 mummies (Ossuary)
  4 adders
  7 gnolls
  2 river rats
  3 shadow imps
  An ooze (D:2)
  An adder skeleton (D:5)
  5 adder zombies (Ossuary)
  A worm (D:3)
  6 leopard geckos
  79 orcs
  17 bats
  8 giant cockroaches
  5 gnoll zombies (Ossuary)
  4 goblins
  8 hobgoblins
  7 jackals
  8 kobolds
  3 quokkas
  3 ball pythons
  3 frilled lizards
  3 hobgoblin zombies (Ossuary)
  3 kobold zombies (Ossuary)
  A leopard gecko skeleton (D:4)
  5 orc zombies (Ossuary)
  21 rats
  A fungus (D:9)
  3 plants (Lair:6)
579 creatures vanquished.

Vanquished Creatures (collateral kills)
  A dire elephant (Lair:6)
  A hydra (Lair:6)
  2 alligators (Swamp:3)
  A swamp dragon (Swamp:4)
  2 orc knights (Orc:2)
  A black mamba (Lair:6)
  4 spiny frogs
  A minotaur zombie (Lab)
  A komodo dragon (Lair:1)
  A polar bear (Lair:2)
  3 hornets
  3 bog bodies
  A slime creature (Swamp:3)
  2 spriggans
  A wraith (D:10)
  A shadow (Swamp:2)
  6 yaks
  A hog (D:8)
  2 vampire mosquitoes
  4 insubstantial wisps
  5 water moccasins
  A black bear (Lair:1)
  4 orc warriors
  A swamp drake (Swamp:4)
  2 centaurs (Orc:2)
  A water moccasin zombie (Ossuary)
  A killer bee (D:7)
  A crimson imp (D:5)
  A centaur zombie (D:8)
  2 orc wizards
  A worker ant (D:6)
  A big kobold zombie (Ossuary)
  5 orcs
  A jackal (D:9)
  A hobgoblin zombie (Ossuary)
  A rat (Lair:4)
  A butterfly (Lair:6)
  A plant (Lair:1)
70 creatures vanquished.

Vanquished Creatures (others)
  An alligator (Swamp:4)
  2 swamp dragons (Swamp:4)
  6 insubstantial wisps (Swamp:4)
  13 hexers
  2 ancestors
  A bush (Lair:6)
  6 fungi
  4 plants
35 creatures vanquished.

Grand Total: 684 creatures vanquished

Notes
Turn   | Place    | Note
-------+----------+-------------------------------------------
     0 | D:1      | razzle the Minotaur Gladiator began the quest for the Orb.
     0 | D:1      | Reached XP level 1. HP: 18/18 MP: 0/0
   131 | D:1      | Reached skill level 4 in Staves
   155 | D:1      | Reached XP level 2. HP: 25/25 MP: 1/1
   799 | D:2      | Reached skill level 5 in Staves
   799 | D:2      | Reached XP level 3. HP: 27/30 MP: 2/2
   858 | D:2      | Noticed Ijyb
   876 | D:2      | Killed Ijyb
  1254 | D:2      | Reached skill level 6 in Staves
  1254 | D:2      | Reached XP level 4. HP: 32/37 MP: 3/3
  1737 | D:3      | Found a white marble altar of Elyvilon.
  2311 | D:3      | Reached XP level 5. HP: 41/42 MP: 4/4
  2565 | D:4      | Reached skill level 7 in Staves
  2972 | D:4      | Reached skill level 8 in Staves
  3177 | D:4      | Reached XP level 6. HP: 41/50 MP: 5/5
  3219 | D:4      | Noticed scalarboson's ghost (novice GrFE)
  3249 | D:4      | Killed scalarboson's ghost
  3249 | D:4      | Reached skill level 5 in Fighting
  3705 | D:4      | Reached XP level 7. HP: 54/62 MP: 6/6
  4295 | D:4      | Found a staircase to the Ecumenical Temple.
  4526 | Temple   | Entered the Ecumenical Temple
  4673 | Temple   | Became a worshipper of Hepliaklqana the Forgotten
  4993 | D:5      | Entered Level 5 of the Dungeon
  4993 | D:5      | Found a shattered altar of Ashenzari.
  5101 | D:5      | Noticed Menkaure
  5110 | D:5      | Killed Menkaure
  5163 | D:5      | Reached XP level 8. HP: 60/69 MP: 7/7
  5440 | D:5      | Reached * piety under Hepliaklqana
  6051 | D:6      | Found a sacrificial altar of Ru.
  6081 | D:6      | Noticed Grinder
  6085 | D:6      | Found Jiuchao's Magic Scroll Shoppe.
  6108 | D:6      | Killed Grinder
  6108 | D:6      | Reached skill level 10 in Fighting
  6137 | D:6      | Found an ancient bone altar of Kikubaaqudgha.
  6303 | D:6      | Noticed Blork the orc
  6311 | D:6      | Killed Blork the orc
  6407 | D:6      | Reached skill level 5 in Armour
  6448 | D:6      | Found a burning altar of Makhleb.
  6514 | D:6      | Reached ** piety under Hepliaklqana
  6820 | D:6      | Noticed Pikel
  6826 | D:6      | Killed Pikel
  6826 | D:6      | Reached XP level 9. HP: 76/76 MP: 8/8
  7128 | D:7      | Found a shadowy altar of Dithmenos.
  7197 | D:7      | Found a sand-covered staircase.
  7548 | Ossuary  | Entered an ossuary
  7920 | D:6      | Bought a scroll of teleportation for 39 gold pieces
  7920 | D:6      | Bought a scroll of magic mapping for 45 gold pieces
  7920 | D:6      | Bought a scroll of brand weapon for 260 gold pieces
  8062 | D:7      | Found a bloodstained altar of Trog.
  8065 | D:7      | Found Yzih's Magic Scroll Shop.
  8187 | D:7      | Reached skill level 10 in Armour
  8388 | D:8      | Found a hide-covered altar of Uskayaw.
  8451 | D:8      | Reached *** piety under Hepliaklqana
  8457 | D:8      | Reached skill level 9 in Staves
  8553 | D:8      | Noticed Psyche
  8560 | D:8      | Killed Psyche
  8564 | D:8      | Remembered your ancestor Jonturbo as a hexer
  8612 | D:8      | Reached skill level 10 in Staves
  8619 | D:8      | Reached XP level 10. HP: 68/83 MP: 9/9
  8784 | D:8      | Noticed Joseph
  8810 | D:8      | Killed Joseph
  8822 | D:8      | Noticed Maurice
  8935 | D:8      | Killed Maurice
  8935 | D:8      | Reached skill level 11 in Staves
  9008 | D:8      | Reached skill level 12 in Staves
  9196 | D:9      | Reached skill level 13 in Staves
  9213 | D:9      | Found a roughly hewn altar of Beogh.
  9214 | D:9      | Found a staircase to the Orcish Mines.
  9420 | D:9      | Found Wumubayn's Armour Emporium.
  9706 | D:9      | Found a staircase to the Lair.
  9978 | D:9      | Found a glowing silver altar of Zin.
  9978 | D:9      | Found a radiant altar of Vehumet.
 10038 | Lair:1   | Entered Level 1 of the Lair of Beasts
 10046 | Lair:1   | Noticed a spiny frog
 10073 | D:9      | Killed a spiny frog
 10355 | Lair:1   | Reached XP level 11. HP: 89/90 MP: 10/10
 10469 | Lair:1   | Reached skill level 14 in Staves
 10558 | Lair:1   | Reached **** piety under Hepliaklqana
 11165 | Lair:1   | Found a blossoming altar of Fedhas.
 11191 | Lair:1   | Noticed an oklob plant
 11663 | Lair:2   | Found a staircase to the Snake Pit.
 11763 | Lair:2   | Found a frozen archway.
 11770 | Lair:2   | Noticed a six-headed hydra
 11779 | Lair:2   | Killed a six-headed hydra
 11779 | Lair:2   | Reached skill level 15 in Staves
 12466 | Lair:3   | Reached ***** piety under Hepliaklqana
 12469 | Lair:3   | Got a crystal bardiche
 12485 | Lair:3   | Identified the +10 bardiche of Duty {flame, Int+6} (You found it on level 3 of the Lair of Beasts)
 12511 | Lair:3   | Reached XP level 12. HP: 101/103 MP: 11/11
 12633 | Lair:3   | Reached skill level 16 in Staves
 13397 | Lair:4   | Noticed a death yak
 13398 | Lair:4   | Noticed a death yak
 13412 | Lair:4   | Killed a death yak
 13416 | Lair:4   | Killed a death yak
 13419 | Lair:4   | Noticed a death yak
 13429 | Lair:4   | Noticed a death yak
 13440 | Lair:4   | Killed a death yak
 13444 | Lair:4   | Killed a death yak
 13715 | Lair:4   | Found a labyrinth entrance.
 13734 | Lab      | Entered a labyrinth
 13914 | Lab      | Noticed a minotaur
 13920 | Lab      | Killed a minotaur
 13920 | Lab      | Reached skill level 17 in Staves
 13927 | Lab      | Got a shimmering battleaxe
 14031 | Lair:4   | Noticed a death yak
 14036 | Lair:4   | Killed a death yak
 14036 | Lair:4   | Reached skill level 15 in Fighting
 14100 | Lair:4   | Found a staircase to the Swamp.
 14724 | Lair:5   | Reached XP level 13. HP: 112/114 MP: 12/12
 15138 | Lair:5   | Found an iron altar of Okawaru.
 15511 | Lair:6   | Entered Level 6 of the Lair of Beasts
 15998 | Lair:6   | Found a viscous altar of Jiyva.
 15998 | Lair:6   | Found a staircase to the Slime Pits.
 16023 | Lair:6   | Reached skill level 18 in Staves
 16046 | Lair:6   | Reached ****** piety under Hepliaklqana
 16963 | Lair:6   | Noticed a dire elephant
 16963 | Lair:6   | Noticed a dire elephant
 16973 | Lair:6   | Noticed a dire elephant
 16984 | Lair:6   | Killed a dire elephant
 17069 | Lair:6   | Noticed a dire elephant
 17076 | Lair:6   | Noticed a dire elephant
 17079 | Lair:6   | Killed a dire elephant
 17082 | Lair:6   | Noticed a dire elephant
 17089 | Lair:6   | Killed a dire elephant
 17093 | Lair:6   | Killed a dire elephant
 17389 | Lair:6   | Killed a dire elephant
 17396 | Lair:6   | Killed a dire elephant
 18118 | D:10     | Entered Level 10 of the Dungeon
 18141 | D:10     | Found Ekaod's Distillery.
 18188 | D:10     | Found Etuth's Armour Emporium.
 18276 | D:10     | Found Pawif's Assorted Antiques.
 18287 | D:10     | Found Lorchobeg's Weapon Emporium.
 18296 | D:10     | Noticed Harold
 18306 | D:10     | Killed Harold
 18594 | D:10     | Found Gimahazo's Weapon Shop.
 18816 | Orc:1    | Entered Level 1 of the Orcish Mines
 18931 | Orc:1    | Found Hooddaos's Weapon Boutique.
 19039 | Orc:1    | Identified the +3 battleaxe of Fortitude {drain, rN+ Int+4 Dex+2} (You found it in a labyrinth)
 19155 | Orc:1    | Found Rostrokh's Magic Scroll Emporium.
 19288 | Orc:2    | Entered Level 2 of the Orcish Mines
 19418 | Orc:2    | Found Zuhirghu's Distillery.
 19431 | Orc:2    | Reached skill level 1 in Invocations
 19431 | Orc:2    | Reached XP level 14. HP: 126/126 MP: 13/13
 19452 | Orc:2    | Bought a potion of curing for 39 gold pieces
 19452 | Orc:2    | Bought 2 potions of curing for 78 gold pieces
 19452 | Orc:2    | Bought a potion of heal wounds for 65 gold pieces
 19452 | Orc:2    | Bought 2 potions of berserk rage for 130 gold pieces
 20502 | Orc:2    | Noticed a stone giant
 20529 | Orc:2    | Killed a stone giant
 20648 | Orc:2    | Found Amuoloeh's Book Boutique.
 20648 | Orc:2    | Found Nacsek's Antique Armour Shoppe.
 20650 | Orc:2    | Found Lyevam's Assorted Antiques.
 20652 | Orc:2    | Found Cahutiawk's Distillery.
 20659 | Orc:2    | Bought a crude gossamer ring for 140 gold pieces
 20659 | Orc:2    | Bought a scroll of identify for 56 gold pieces
 20659 | Orc:2    | Identified the ring of Ekejitun {*Slow rElec MR++ Int+3 Dex+6} (You bought it in a shop on level 2 of the Orcish Mines)
 20996 | Orc:2    | Found a staircase to the Elven Halls.
 21454 | Swamp:1  | Entered Level 1 of the Swamp
 21586 | Swamp:1  | Reached skill level 5 in Invocations
 24457 | Swamp:3  | Reached XP level 15. HP: 100/132 MP: 15/21
 25055 | Swamp:4  | Entered Level 4 of the Swamp
 25179 | Swamp:4  | Reached skill level 15 in Armour
 25179 | Swamp:4  | HP: 5/198 [something (5)]
 25223 | Swamp:4  | HP: 6/132 [swamp dragon/blast of poison (1)]
 25226 | Swamp:4  | Engulfed by a swamp dragon's poison gas

Skill      XL: |  1  2  3  4  5  6  7  8  9 10 11 12 13 14 15 |
---------------+----------------------------------------------+-----
Staves         | 4 5 6 8 10 13 15 17 18 | 18.4
Fighting       | 5 8 10 13 15 17 | 17.2
Armour         | 7 10 12 14 15 | 15.0
Invocations    | 1 9 |  9.4
Throwing       | |  2.0
Dodging        | |  3.2

Action                   |  1- 3 |  4- 6 |  7- 9 | 10-12 | 13-15 || total
-------------------------+-------+-------+-------+-------+-------++-------
Melee: Quarterstaff      |    72 |   105 |   355 |   442 |       ||   974
       Headbutt          |     4 |    17 |    76 |   144 |   116 ||   357
       Bardiche          |       |       |       |   126 |   634 ||   760
Throw: Throwing net      |     3 |       |     1 |       |       ||     4
Invok: Ancestor Identity |       |       |     1 |       |       ||     1
       Ancestor Life: He |       |       |     1 |       |       ||     1
       Idealise          |       |       |       |       |     1 ||     1
Evoke: Wand              |       |       |       |     1 |     6 ||     7
  Use: Potion            |       |     4 |     4 |     2 |    17 ||    27
       Scroll            |       |       |     2 |    19 |    17 ||    38
 Stab: Distracted        |       |       |     2 |     3 |     6 ||    11
       Confused          |       |       |       |     4 |     5 ||     9
       Paralysed         |       |       |       |       |     2 ||     2
  Eat: Chunk             |       |     4 |    10 |    16 |     7 ||    37
       Beef jerky        |       |     1 |     2 |       |     2 ||     5
       Meat ration       |       |     1 |       |       |     1 ||     2
       Fruit             |       |       |     2 |       |    16 ||    18
       Pizza             |       |       |       |     3 |     7 ||    10
Armor: Leather armour    |    17 |    13 |     2 |       |       ||    32
       Skin              |       |    13 |       |       |       ||    13
       Crystal plate arm |       |       |   270 |   382 |   606 ||  1258
Dodge: Dodged            |    50 |    48 |    88 |   150 |   236 ||   572
